 Dungeon Crawl Stone Soup version 0.30.0-15-g856e2d3f33 (webtiles) character file.

Game seed: 14266433511816833523

352 qw the Trooper (level 6, 0/40 HPs)
             Began as a Gargoyle Fighter on May 20, 2023.
             Slain by a gnoll sergeant
             ... wielding a +4 trident of venom
              (11 damage)
             ... on level 4 of the Dungeon.
             The game lasted 00:01:18 (2802 turns).

qw the Trooper (Gargoyle Fighter)                   Turns: 2802, Time: 00:01:18

Health: 0/40       AC: 11    Str: 21    XL:     6   Next: 61%
Magic:  0/6        EV:  9    Int:  9    God:
Gold:   66         SH:  4    Dex:  9    Spells: 5/5 levels left

rFire   . . .        Y - +2 war axe
rCold   . . .        c - +0 buckler
rNeg    + . .        b - +0 scale mail
rPois   inf          (no helmet)
rElec   +            (no cloak)
rCorr   .            (no gloves)
SInv    .            (no boots)
Will    .....        f - amulet of guardian spirit Stlth
                     (no ring)
HPRegen 0.26/turn    (no ring)
MPRegen 0.10/turn

%: guardian spirit
@: no status effects
A: sickness immunity, AC +4, negative energy resistance 1, electricity
resistance, torment resistance 1, petrification resistance
a: no special abilities


You were on level 4 of the Dungeon.
You visited 1 branch of the dungeon, and saw 4 of its levels.

You collected 166 gold pieces.
You spent 100 gold pieces at shops.


Innate Abilities, Weirdness & Mutations

You are immune to sickness and miasma.
Your stone body is resilient. (AC +4)
You are immune to poison.
You resist negative energy. (rN+)
You are resistant to electric shocks. (rElec)
You are resistant to unholy torment.
You are immune to petrification.


   Skills:
 - Level 5.2 Fighting
 + Level 5.0 Axes
 - Level 3.2 Armour
 - Level 1.0 Dodging
 - Level 3.2 Shields


You had 5 spell levels left.
You didn't know any spells.
Your spell library was empty.

Inventory:

Hand Weapons
 e - a +0 flail
 Y - a +2 war axe (weapon)
Armour
 b - a +0 scale mail (worn)
 c - a +0 buckler (worn)
 j - a +0 chain mail
Jewellery
 f - an amulet of guardian spirit (around neck)
Scrolls
 h - a scroll of identify
Potions
 a - a potion of ambrosia {unknown}
 d - a potion of might
 g - 2 potions of heal wounds
 i - 2 potions of curing
 k - a potion of mutation {unknown}
 l - a potion of flight {unknown}

Dungeon Overview and Level Annotations

Branches:
Dungeon (4/15)
 Temple: D:4-7

Altars:

Shops:
D:2 !

Annotations:
D:3 1 runed translucent door, qw's ghost, amateur GrFi


Message History

Enter note:
2788 ||| Stepping ~*~*~tactically~*~*~ (hiding).
You start waiting.
A gnoll sergeant is nearby!
The orc shouts!
You block the gnoll sergeant's attack.
You hit the gnoll sergeant.
The gnoll sergeant is lightly wounded.
The gnoll sergeant closely misses you.
You hit the gnoll sergeant but do no damage.
The gnoll sergeant is lightly wounded.
The gnoll sergeant closely misses you.
The gnoll sergeant hits you with a +4 trident of venom.
You hit the gnoll sergeant.
The gnoll sergeant is moderately wounded.
You block the gnoll sergeant's attack. The gnoll sergeant blocks your attack.
The gnoll sergeant is moderately wounded.
The gnoll sergeant hits you with a +4 trident of venom.
You hit the gnoll sergeant.
The gnoll sergeant is heavily wounded.
The gnoll sergeant hits you with a +4 trident of venom!
The gnoll sergeant barely misses you.
You hit the gnoll sergeant but do no damage.
The gnoll sergeant is heavily wounded.
The gnoll sergeant barely misses you.
You hit the gnoll sergeant but do no damage.
The gnoll sergeant is heavily wounded.
The gnoll sergeant hits you with a +4 trident of venom!
The gnoll sergeant blocks your attack.
The gnoll sergeant is heavily wounded.
The gnoll sergeant closely misses you.
You hit the gnoll sergeant but do no damage.
The gnoll sergeant is heavily wounded.
The gnoll sergeant hits you with a +4 trident of venom!
You block the gnoll sergeant's attack.
You hit the gnoll sergeant but do no damage.
The gnoll sergeant is heavily wounded.
The gnoll sergeant hits you with a +4 trident of venom!
You die...

#.......#
####'####
#.#.#
#...#
#.### #.#
#.#
#####.#
#.@...#
#g#####
..o #....
#....
#....
#.>..
#....


You could see a gnoll sergeant and an orc.

Vanquished Creatures
  Sigmund (D:3)
  An orc priest (D:4)
  Terence (D:3)
  Jessica (D:2)
  4 adders
  4 worms
  2 dart slugs (D:1)
  5 orcs
  8 ball pythons
  A bat (D:3)
  3 endoplasms
  3 giant cockroaches
  4 goblins
  4 hobgoblins
  4 jackals (D:1)
  3 quokkas
  4 frilled lizards
  4 kobolds
  3 rats (D:3)
60 creatures vanquished.

Notes
Turn   | Place    | Note
-------+----------+-------------------------------------------
     0 | D:1      | qw the Gargoyle Fighter began the quest for the Orb.
     0 | D:1      | Reached XP level 1. HP: 14/14 MP: 1/1
     0 | D:1      | 0 ||| qw: Version: 0.2-a-97-g6b18286
     0 | D:1      | 0 ||| qw: Game counter: 28
     0 | D:1      | 0 ||| qw: Always use a shield: true
     0 | D:1      | 0 ||| qw: God list: Okawaru
     0 | D:1      | 0 ||| qw: Allow faded altars: false
     0 | D:1      | 0 ||| qw: Do Orc after D:15 true
     0 | D:1      | 0 ||| qw: Do second Lair branch before Depths: true
     0 | D:1      | 0 ||| qw: Lair rune preference: random
     0 | D:1      | 0 ||| qw: Plans: Normal, Zot:1-4, God:TSO, Crypt, Tomb,
                  | Pan, Slime:5, Hells, Abyss, Win
     0 | D:1      | 0 ||| PLANNING D:1-11
   279 | D:1      | Reached XP level 2. HP: 19/19 MP: 2/2
   312 | D:1      | 312 ||| Stepping ~*~*~tactically~*~*~ (hiding).
   580 | D:1      | Reached skill level 3 in Axes
   695 | D:1      | Reached XP level 3. HP: 23/23 MP: 3/3
   977 | D:1      | 977 ||| READING 2 scrolls labelled WEGIATHR QOEMM.
   978 | D:1      | 978 ||| READING scroll labelled LOJ YKUACWYWK.
   979 | D:1      | 979 ||| READING 4 scrolls labelled YRESCHUGGU.
   980 | D:1      | 980 ||| READING scroll labelled LYORODD TOFI.
   981 | D:1      | 981 ||| DRINKING 3 cyan potions.
   982 | D:1      | 982 ||| DROPPING scroll of vulnerability.
   983 | D:1      | 983 ||| DROPPING 3 scrolls of immolation.
  1216 | D:2      | Noticed Jessica
  1222 | D:2      | Reached XP level 4. HP: 27/28 MP: 4/4
  1230 | D:2      | Killed Jessica
  1571 | D:2      | Found Pouzis's Distillery.
  1592 | D:2      | 1592 ||| BUYING 2 potions of heal wounds (100 gold).
  1592 | D:2      | Bought 2 potions of heal wounds for 100 gold pieces
  1592 | D:2      | 1592 ||| SHOPLISTING potion of curing (30 gold, have 21).
  1592 | D:2      | 1592 ||| SHOPLISTING potion of haste (100 gold, have 21).
  1592 | D:2      | 1592 ||| SHOPLISTING potion of heal wounds (50 gold, have
                  | 21).
  1592 | D:2      | 1592 ||| SHOPLISTING potion of lignification (30 gold, have
                  | 21).
  1592 | D:2      | 1592 ||| SHOPLISTING potion of might (40 gold, have 21).
  1705 | D:2      | 1705 ||| READING 2 scrolls labelled SUDAEL REXAA.
  1706 | D:2      | 1706 ||| READING 2 scrolls labelled VOEMEQ UMUYLIN.
  1707 | D:2      | 1707 ||| READING scroll of enchant weapon.
  1707 | D:2      | 1707 ||| ENCHANTING +1 war axe.
  1708 | D:2      | 1708 ||| READING scroll labelled TEUVIP CYDWO.
  1709 | D:2      | 1709 ||| READING 2 scrolls of identify.
  1709 | D:2      | 1709 ||| IDENTIFYING pink potion
  1710 | D:2      | 1710 ||| DROPPING scroll of amnesia.
  1711 | D:2      | 1711 ||| DROPPING potion of degeneration.
  1772 | D:3      | 1772 ||| Stepping ~*~*~tactically~*~*~ (stealth).
  1779 | D:3      | Noticed Terence
  1793 | D:3      | HP: 5/28 [Terence/+0 hand axe (7)]
  1794 | D:3      | 1794 ||| DRINKING 3 potions of heal wounds.
  1797 | D:3      | Killed Terence
  1798 | D:3      | Reached XP level 5. HP: 28/32 MP: 5/5
  1816 | D:3      | 1816 ||| DROPPING +0 club.
  2043 | D:3      | Noticed Sigmund
  2053 | D:3      | Killed Sigmund
  2054 | D:3      | Reached XP level 6. HP: 25/40 MP: 6/6
  2153 | D:3      | Found a runed translucent door.
  2166 | D:3      | Noticed qw's ghost (amateur GrFi)
  2502 | D:3      | 2502 ||| UPGRADING to amulet of guardian spirit.
  2507 | D:3      | 2507 ||| READING scroll labelled ICSATE LUEPHEMA.
  2508 | D:3      | 2508 ||| READING scroll labelled FUGHUET DIROUKK.
  2745 | D:4      | Reached skill level 1 in Dodging
  2788 | D:4      | 2788 ||| Stepping ~*~*~tactically~*~*~ (hiding).
  2802 | D:4      | Slain by a gnoll sergeant

Levels and vault maps discovered:
D:1:      dpeg_arrival_circle_labyrinth_c, layout_basic,
          amcnicky_mini_pool_small
D:2:      layout_basic, serial_shops, shop, uniq_jessica
D:3:      layout_basic, ebering_ghost_sewer_d, grunt_ministairs_8, uniq_terence,
          uniq_sigmund
D:4:      nicolae_cairo_tiling_large_dashed, layout_rooms,
          minmay_temple_entry_mini_moons, grunt_decor_mini_mirrors,
          minmay_fountain_box, chequers_serial_rivers_small_3,
          minmay_manual_monolith

Skill      XL: |  1  2  3  4  5  6 |
---------------+-------------------+-----
Axes           | 2 3 4 5 |  5.0
Fighting       | 5 |  5.2
Dodging        | 1 |  1.0
Armour         | |  3.2
Shields        | |  3.2

Action                     |  1- 3 |  4- 6 || total
---------------------------+-------+-------++-------
  Melee: War axe           |    61 |   110 ||   171
    Use: Scroll            |     4 |     7 ||    11
         Potion            |     1 |     1 ||     2
 Armour: Scale mail        |    34 |    28 ||    62
  Dodge: Dodged            |    21 |    33 ||    54
  Block: Buckler           |     6 |    20 ||    26

Table legend:
 A = Non-vault XP
 B = Vault XP
 C = Vault XP percentage of total XP
 D = Non-vault monster count
 E = Vault monster count
 F = Vault count percentage of total count
                 A         B        C        D         E       F
            +---------+---------+-------+---------+---------+-------
      Total |     201 |     302 |  60.0 |      55 |       5 |   8.3
            +---------+---------+-------+---------+---------+-------
        D:1 |      34 |       0 |   0.0 |      18 |       0 |   0.0
        D:2 |      68 |      37 |  35.2 |      15 |       1 |   6.2
        D:3 |      50 |     265 |  84.1 |      18 |       4 |  18.2
        D:4 |      49 |       0 |   0.0 |       4 |       0 |   0.0
            +---------+---------+-------+---------+---------+-------
